Cogmind - Beta 13 @@@ ROGUE MODE // 2024.05.17 @ 00:37:23 Player: max Result: Destroyed by H-61 Shepherd with Heavy Assault Cannon Performance ------------- Evolutions (2) 1000 Regions Visited (4) 800 Robots Destroyed (39) 195 Value Destroyed (1440) 1440 Prototype IDs (0) 0 Alien Tech Used (0) 0 Bonus (13) 13 TOTAL SCORE: 3448 Bonus ------- High Alert Combat Kills 13 Cogmind --------- Core Integrity 0/550 Matter 300/300 Energy 18/100 System Corruption 0% Temperature Cool (0) Movement Core (50) Location -8/Materials Parts ------- > --- POWER (1) -------- (None) > --- PROPULSION (3) --- (None) > --- UTILITY (4) ------ Improved Targeting Computer > --- WEAPON (3) ------- (None) > --- INVENTORY (5) ---- Aluminum Leg Aluminum Leg Improved Cooling System Sensor Array Peak State ------------ > --- POWER ------------ Nuclear Core > --- PROPULSION ------- Aluminum Leg Aluminum Leg Carbon-fiber Leg > --- UTILITY ---------- Improved Cooling System High-capacity Storage Unit Improved Targeting Computer Improved Weapon Shielding > --- WEAPON ----------- Gatling Laser Gatling Laser Gatling Laser > --- INVENTORY -------- Aluminum Leg Aluminum Leg Improved Cooling System Sensor Array Gatling Laser Mining Laser [Rating: 31] Favorites ----------- Power Ion Engine Engine Ion Engine Power Core Nuclear Core Propulsion Aluminum Leg Leg Aluminum Leg Utility Power Shielding Device Improved Cooling System Storage High-capacity Storage Unit Processor Improved Targeting Computer Protection Power Shielding Weapon Gatling Laser Energy Gun Gatling Laser Launcher Grenade Launcher Special Weapon Plasma Flamer Build | -11 -10 -9 -9 -8 ------- Run | Yrd Mat Mat Min Mat Slots Evolved 4 | . . 2 . 2 Power . | . . . . . Propulsion 1 | . . 1 . . Utility 2 | . . . . 2 Weapon 1 | . . 1 . . Parts Attached 37 | 6 2 10 1 18 Power 5 | 1 . 1 . 3 Engine 2 | 1 . 1 . . Core 3 | . . . . 3 Reactor . | . . . . . Propulsion 7 | 2 . 2 . 3 Treads . | . . . . . Leg 7 | 2 . 2 . 3 Wheel . | . . . . . Hover . | . . . . . Flight . | . . . . . Utility 12 | 1 2 2 . 7 Device 2 | . . . . 2 Storage 5 | 1 1 1 . 2 Processor 1 | . . . . 1 Hackware . | . . . . . Protection 4 | . 1 1 . 2 Artifact . | . . . . . Weapon 13 | 2 . 5 1 5 Energy Gun 9 | 2 . 3 . 4 Energy Cannon . | . . . . . Ballistic Gun . | . . . . . Ballistic Cannon . | . . . . . Launcher 1 | . . 1 . . Special Weapon 3 | . . 1 1 1 Impact Weapon . | . . . . . Slashing Weapon . | . . . . . Piercing Weapon . | . . . . . Special Melee Weapon . | . . . . . Unidentified Prototypes . | . . . . . Parts Lost 16 | . . 3 . 13 Power 1 | . . . . 1 Propulsion 5 | . . 1 . 4 Utility 3 | . . . . 3 Weapon 7 | . . 2 . 5 Highest Loss Streak 10 | . . 2 . 10 To Critical Strikes . | . . . . . Average Slot Usage (%) 90 | . 86 79 100 90 Engine 6 | . 14 11 11 1 Core 3 | . . . . 7 Leg 27 | . 28 22 33 25 Device 3 | . . . . 8 Storage 6 | . 14 4 . 8 Processor 2 | . . . . 4 Protection 12 | . 1 15 22 9 Energy Gun 23 | . 28 23 22 23 Special Weapon 3 | . . . 11 1 Naked Turns . | . . . . . Heaviest Build 64 | 14 30 51 18 64 Greatest Support 35 | 20 20 30 30 35 Greatest Overweight (x) 5 | 1 1 5 . 3 Average Overweight (x) . | . . . . 1 Largest Inventory Capacity 20 | 8 15 20 5 20 Average Capacity 12 | 7 8 11 5 19 Most Carried 8 | 3 3 5 3 8 Average Carried 3 | 1 1 2 2 5 Final Capacity 15 | 8 15 5 5 5 Final Carried 4 | 1 2 2 3 4 Class Distribution -------------------- 44% | Mutant 24% | Scavenger-Tank 19% | Gunner 10% | Tank Dominant Class ---------------- Mutant | -10/Materials Mutant | -9/Materials Scavenger-Tank | -9/Mines Gunner | -8/Materials Resources | -11 -10 -9 -9 -8 ----------- Run | Yrd Mat Mat Min Mat Matter Collected 594 | 196 130 83 30 155 Remotely . | . . . . . Salvage Created 1480 | . 165 223 71 1021 Parts 73 | . 8 17 . 48 Haulers Intercepted . | . . . . . Recyclers Shooed 1 | . . . . 1 Parts Field Recycled . | . . . . . Retrieved Matter . | . . . . . Parts Self-Destructed . | . . . . . Prevented . | . . . . . Kills | -11 -10 -9 -9 -8 ------- Run | Yrd Mat Mat Min Mat Combat Hostiles Destroyed 36 | . 3 5 2 26 Guns 35 | . 3 5 1 26 Classes Destroyed 7 | . 2 2 . 3 Worker 1 | . . . . 1 Operator 1 | . 1 . . . Watcher 1 | . . 1 . . Swarmer 3 | . . . . 3 Cutter 2 | . . . . 2 Grunt 23 | . 3 4 2 14 Sentry 8 | . . 1 . 7 Best Kill Streak 5 | . 4 2 1 5 Combat Bots Only 5 | . 2 2 1 5 Max Kills in Single Turn 2 | . 1 1 1 2 Gunslinging 1 | . . . . 1 Exploded . | . . . . . Melee . | . . . . . Uniques/NPCs Destroyed . | . . . . . Combat | -11 -10 -9 -9 -8 -------- Run | Yrd Mat Mat Min Mat Hostile Shots Fired 194 | . 20 48 8 118 Missed 60 | . 5 12 4 39 Damage Taken 2485 | . 161 453 100 1771 Core 713 | . 54 70 30 559 Absorbed by Shields . | . . . . . Redirected to Shielding 148 | . . 18 . 130 Core Remaining (%) 84 | 100 78 . 75 . Volleys Fired 83 | 1 12 22 7 41 Largest 3 | 2 2 2 3 3 Hottest 240 | 90 90 90 201 240 Shots Fired 172 | 2 24 34 18 94 Gun 167 | 2 24 34 14 93 Cannon . | . . . . . Launcher . | . . . . . Special 5 | . . . 4 1 Kinetic . | . . . . . Thermal 151 | 1 12 33 11 94 Explosive . | . . . . . Electromagnetic 21 | 1 12 1 7 . Robot Hit Streak 13 | . 8 6 6 13 Robot Miss Streak 4 | . 4 2 2 4 Penetration Max . | . . . . . Secondary Targets 9 | . 2 1 . 6 Max Gunslinging Chain 1 | . 1 1 . 1 Shots Hit Robots 139 | . 17 24 14 84 Core Hits 92 | . 8 11 3 70 Critical Kills . | . . . . . Critical Parts Destroyed . | . . . . . Critical Strikes 3 | . . . 3 . Burn 3 | . . . 3 . Melee Attacks . | . . . . . Impact . | . . . . . Slashing . | . . . . . Piercing . | . . . . . Sneak Attacks . | . . . . . Combat Hostiles . | . . . . . Follow-up Attacks . | . . . . . Damage Inflicted 2704 | . 228 300 205 1971 Guns 2668 | . 228 300 169 1971 Cannons . | . . . . . Explosions . | . . . . . Melee . | . . . . . Ramming . | . . . . . Kinetic . | . . . . . Thermal 2482 | . 87 300 124 1971 Explosive . | . . . . . Electromagnetic 222 | . 141 . 81 . Impact . | . . . . . Slashing . | . . . . . Piercing . | . . . . . Highest Corruption . | . . . . . Average Corruption . | . . . . . Corruption Purged . | . . . . . Corruption Blocked . | . . . . . Overload Shots . | . . . . . Overflow Damage . | . . . . . Projectiles . | . . . . . Explosions . | . . . . . Melee . | . . . . . Knockbacks . | . . . . . Impact . | . . . . . Kinetic . | . . . . . Secondary . | . . . . . Self-Inflicted Damage 39 | . . . 39 . Shots 1 | . . . 1 . Rammed . | . . . . . Targets Rammed . | . . . . . Kicked . | . . . . . Crushed . | . . . . . Highest Temperature 462 | 30 415 317 430 462 Average Temperature 129 | 18 221 112 178 86 Received Heat Transfer 780 | . 90 207 33 450 Effects 7 | . 3 1 1 2 Shutdowns 2 | . 1 1 . . Energy Bleed 1 | . 1 . . . Interference 1 | . . . 1 . Matter Decay 1 | . 1 . . . Damage (minor) 2 | . . . . 2 Siege Activations . | . . . . . Robots Corrupted . | . . . . . Combat Hostiles . | . . . . . Parts Fried . | . . . . . Impact Corruptions . | . . . . . Robots Melted 1 | . . . 1 . Combat Hostiles 1 | . . . 1 . Parts Melted 20 | . . 1 . 19 Heat Transferred 6358 | . 259 829 770 4500 Parts Sabotaged . | . . . . . Parts Stolen . | . . . . . Parts Stripped . | . . . . . Power Chain Reactions 1 | . . . 1 . Alert | -11 -10 -9 -9 -8 ------- Run | Yrd Mat Mat Min Mat Peak Influence 465 | . 75 125 104 465 Initial 48 | . . 31 48 . Average 108 | . 19 68 86 222 Maximum Alert Level 2 | . . . . 2 Low Security (%) 81 | 100 100 100 100 48 Level 1 15 | . . . . 43 Level 2 2 | . . . . 7 Level 3 . | . . . . . Level 4 . | . . . . . Level 5 . | . . . . . High Security . | . . . . . Max Security . | . . . . . Squads Dispatched 11 | . 2 1 . 8 Investigation 3 | . 1 1 . 1 Extermination . | . . . . . Reinforcement 5 | . 1 . . 4 Assault . | . . . . . Garrison 3 | . . . . 3 Intercept . | . . . . . Searches Triggered . | . . . . . Construction Impeded . | . . . . . Haulers Reinforced . | . . . . . Active Scanning Responses . | . . . . . Cargo Convoy Interrupts . | . . . . . Stealth | -11 -10 -9 -9 -8 --------- Run | Yrd Mat Mat Min Mat Distress Signals 5 | . . . . 5 Communications Jammed . | . . . . . Distress Signals . | . . . . . Times Spotted 48 | . 5 6 3 34 Peak Tracking Total 6 | . 4 3 3 6 Tactical Retreats 1 | . . . . 1 Traps | -11 -10 -9 -9 -8 ------- Run | Yrd Mat Mat Min Mat Traps Triggered 1 | . 1 . . . Indirectly . | . . . . . Trap Hack Attempts . | . . . . . Triggered . | . . . . . Disarmed . | . . . . . Reprogrammed . | . . . . . Reused . | . . . . . Traps Extracted . | . . . . . Installed . | . . . . . Triggered . | . . . . . Machines | -11 -10 -9 -9 -8 ---------- Run | Yrd Mat Mat Min Mat Machines Disabled . | . . . . . Max in Single Turn . | . . . . . Machines Repaired . | . . . . . Machines Dismantled . | . . . . . Machines Sabotaged . | . . . . . Overloaded Fab Kills . | . . . . . Hacking | -11 -10 -9 -9 -8 --------- Run | Yrd Mat Mat Min Mat Machines Accessed 4 | . 1 1 . 2 Terminals 4 | . 1 1 . 2 Fabricators . | . . . . . Repair Stations . | . . . . . Recycling Units . | . . . . . Scanalyzers . | . . . . . Garrison Access . | . . . . . Total Hacks 8 | . 1 3 . 4 Successful 3 | . 1 1 . 1 Failed 5 | . . 2 . 3 Catastrophic 2 | . . 1 . 1 Database Lockouts . | . . . . . Manual . | . . . . . Terminals 8 | . 1 3 . 4 Fabricators . | . . . . . Repair Stations . | . . . . . Recycling Units . | . . . . . Scanalyzers . | . . . . . Garrison Access . | . . . . . Terminal Hacks 3 | . 1 1 . 1 Alert Level 1 | . . . . 1 Unreport Threat 1 | . . 1 . . Zone Layout 1 | . 1 . . . Fabricator Hacks . | . . . . . Repair Station Hacks . | . . . . . Recycling Unit Hacks . | . . . . . Scanalyzer . | . . . . . Garrison Access Hacks . | . . . . . Unauthorized Hacks . | . . . . . Terminals . | . . . . . Fabricators . | . . . . . Repair Stations . | . . . . . Recycling Units . | . . . . . Scanalyzers . | . . . . . Garrison Access . | . . . . . Data Cores Recovered 1 | . 1 . . . Used . | . . . . . Hacking Detections 4 | . 1 1 . 2 Full Trace Events 2 | . . 1 . 1 Feedback Events . | . . . . . Feedback Blocked . | . . . . . Robot Schematics Acquired . | . . . . . Robots Built . | . . . . . Authchips . | . . . . . Time . | . . . . . Total Robot Build Rating . | . . . . . Part Schematics Acquired . | . . . . . Parts Built . | . . . . . Authchips . | . . . . . Time . | . . . . . Total Part Build Rating . | . . . . . Parts Repaired . | . . . . . Time . | . . . . . Parts Recycled . | . . . . . Recycled Matter . | . . . . . Retrieved Matter . | . . . . . Retrieved Components . | . . . . . Parts Scanalyzed . | . . . . . Part Schematics Acquired . | . . . . . Parts Damaged . | . . . . . Bothacking | -11 -10 -9 -9 -8 ------------ Run | Yrd Mat Mat Min Mat Used RIF Installer . | . . . . . Robots Hacked . | . . . . . Non-combat . | . . . . . Combat . | . . . . . Robot Hacks Applied . | . . . . . Relay Couplers Released . | . . . . . Fabnet Peak Effective % . | . . . . . Robots Rewired . | . . . . . Allies Hacked . | . . . . . Hacks Repelled . | . . . . . Allies | -11 -10 -9 -9 -8 -------- Run | Yrd Mat Mat Min Mat Total Allies . | . . . . . Largest Group . | . . . . . Highest-Rated Group . | . . . . . Highest-Rated Ally . | . . . . . Total Orders . | . . . . . Ally Attacks . | . . . . . Total Damage . | . . . . . Kills . | . . . . . Allies Corrupted . | . . . . . Allies Melted . | . . . . . Intel | -11 -10 -9 -9 -8 ------- Run | Yrd Mat Mat Min Mat Robot Analysis Total . | . . . . . Derelict Logs Recovered . | . . . . . Drone Launches . | . . . . . Drone Recoveries . | . . . . . Exploration | -11 -10 -9 -9 -8 ------------- Run | Yrd Mat Mat Min Mat Turns Passed 2300 | 478 221 342 418 841 Spaces Moved 1017 | 102 135 162 303 315 Core 10 | 7 . . . 3 Treads . | . . . . . Legs 1007 | 95 135 162 303 312 Wheels . | . . . . . Hover . | . . . . . Flight . | . . . . . Fastest Speed 50 | 50 120 120 120 50 Average Speed 151 | 118 122 163 120 199 Slowest Speed 470 | 120 190 470 120 330 Overloaded Moves . | . . . . . Propulsion Burnouts . | . . . . . Robots Hopped . | . . . . . Cave-ins Triggered . | . . . . . Exploration Rate (%) 24 | 13 24 13 39 31 Regions Visited 4 Branch Regions 1 Pre-discovered Areas . | . . . . . Known Exits Taken . | . . . . . Unknown Exits Taken 4 | 1 1 1 1 . Scrap Searched 1 | . . . 1 . Spaces Dug . | . . . . . Terrain Destroyed 6 | . . . 6 . Melee . | . . . . . Projectile . | . . . . . AOE 6 | . . . 6 . Terrain Rammed . | . . . . . Walls Destroyed . | . . . . . Machines Disabled . | . . . . . Actions | -11 -10 -9 -9 -8 --------- Run | Yrd Mat Mat Min Mat Total 1609 | 457 167 209 341 435 Wait 419 | 342 15 . 28 34 Move 1013 | 101 134 161 302 315 Hop . | . . . . . Pick Up 38 | 7 3 10 2 16 Fast Attach . | . . . . . Attach 37 | 6 2 10 1 18 Detach 4 | . . 1 . 3 Swap . | . . . . . Drop 15 | . 1 5 1 8 Fire 83 | 1 12 22 7 41 Melee . | . . . . . Ram . | . . . . . Kick . | . . . . . Crush . | . . . . . Escape Stasis . | . . . . . Rewire . | . . . . . Trap . | . . . . . Miscellaneous . | . . . . . Route ------- -11/Scrapyard -10/Materials -9/Materials -9/Mines -8/Materials History --------- Turn | Location | Event 8 | -11/Scrapyard | Discovered new exit (range 16) 479 | -11/Scrapyard | Entered Materials 480 | -10/Materials | Build established: Mutant 628 | -10/Materials | Discovered new exit (range 7) 700 | -10/Materials | Entered another Materials area 700 | -9/Materials | Evolved 2 slots: Propulsion x1, Weapon x1 1002 | -9/Materials | Discovered new exit (range 10) 1042 | -9/Materials | Entered Mines 1080 | -9/Mines | Met a Derelict bent on vengeance 1090 | -9/Mines | A weapon hastily lodged in a ceiling crevice suddenly fell to the ground 1349 | -9/Mines | Build established: Scavenger-Tank 1415 | -9/Mines | Discovered new exit (range 12) 1460 | -9/Mines | Entered Materials 1460 | -8/Materials | Evolved 2 slots: Utility x2 1547 | -8/Materials | Garrison activated, responded to threat 2190 | -8/Materials | Build established: Gunner 2270 | -8/Materials | Core integrity fell below 50% 2292 | -8/Materials | Core integrity fell below 20% 2301 | -8/Materials | Destroyed by H-61 Shepherd with Heavy Assault Cannon Last Messages --------------- Imp. Cooling System destroyed. Knocked back. Gatling Laser destroyed. Knocked back. C-17 Slicer destroyed. Aluminum Leg destroyed. Carbon-fiber Leg destroyed. Destroyed Lgt. Nuclear Core. Reaction Control System melted. C-17 Slicer destroyed. Slug penetrates Processing Tank. H-61 Shepherd calls for reinforcements. ALERT: Hostile activity reported, dispatching reinforcements to area. Gatling Laser blasted off. Dropped Hcp. Storage Unit. Knocked back. Acquired 10 matter. R-06 Scavenger collects Heat Sink. Mining Laser destroyed. Map ----- +----------------------------------------------------+ | | | | | | | | | | | | | | | | | | | | | ?????????????????????????????????????????????????? | | ?????????????????????????????????????????????????? | | ?????????????????????????????????????????????????? | | ???????????????????????????????########??????????? | | ???????????????????????????????# #??????????? | | ???????????????????????????????# #????######? | | ???????????????????????????????# ####? #? | | ???????????????????????????????# # # """ #? | | ??????????????????????########?# % [# # """ #? | | ??????????????????????# #?# %+= + """ #? | | ??????????????????????#"S #?#+######= # #? | | ??????????????????????#""" #?# #????# # [ #? | | ??????????????????????# "" # # ##???# ########? | | ??????????????????????#%%% % ##??# # *! ! ## | | ??????????????????????#%=[ =[ #### + # | | ??????????????????????#=%@!H *r # [%## | | ??????????????????????#%%% # "Y" #? | | ??????????????????????#!%""" ### ## """ #? | | ??????????????????????# """ ##?# ?# #? | | ??????????????????????# """ ## ###??# ?####+###? | | ??????????????????????# """ ## #????# ????# #??? | | ??????????????????????# ## ???# ????# #??? | | ??????????????????????##### ### ??# ????# #?## | | ??????????????????????????###?#+####+?#+????# #? | | ????????????????????????????????????????????# # | | ????????????????????????????????????????????# # " | | ????????????????????????????????????????????# + " | | ????????????????????????????????????????????# # | | ????????????????????????????????????????????# # / | | ????????????????????????????????????????????# #### | | ????????????????????????????????????????????# ## | | ????????????????????????????????????????????# ## | | ????????????????????????????????????????????# | | ????????????????????????????????????????????#### | | ???????????????????????????????????????????????# [ | | ????????????????????????????????????????????#####% | | ????????????????????????????????????????????# # | | ????????????????????????????????????????????# | | ????????????????????????????????????????????# # | | ????????????????????????????????????????????## # | +----------------------------------------------------+ Best States ------------- Heat Dissipation 58 Energy Generation 14 Energy Capacity 250 Matter Stores 300 Matter Capacity 300 Sight Range 16 Robot Scan Range 14 Terrain Scan Density 10 Armor Coverage 150 Power Shielding 33 Weapon Shielding 66 Evasion (%) 55 Targeting Accuracy 6 Item Schematics ----------------- None Robot Schematics ------------------ None Fabricated ------------ Nothing Alien Tech Used ----------------- None Achievements -------------- It's Just You Challenges ------------ None Game ------ Seed SiegeMediumFirepult Manual? 0 Play Time 00:27:43 Cumulative 6.2 hours Start 2024.05.17 @ 00:11:57 End 2024.05.17 @ 00:37:23 Sessions 1 Manual Loads 0 Difficulty Rogue Special Mode None Game No. 7 Rogue 7 Adventurer 0 Explorer 0 Win Type - Total 0 Types 0/0/0/0/0/0/0/0/0 Lore% 5 Gallery% 12 Achievement% 10 Wizard Run 0 Options --------- Layout 1 ASCII 0 Keyboard 0 Movement Mouse Keybinds 0 Fullscreen 1 Font 20/SmallcapsGlow Map View 54x42 Zoom Use 0% Tactical HUD 0 Map Filters NONE Filters NONE Steam 1 RUN: 79ab1366-2b6c-4e6b-9516-03df48ad3abf